 Dungeon Crawl Stone Soup version 0.25.0-3-gd7cc568 (webtiles) character file.

Game seed: 7689037281870867997

65 Helmschank the Poker (level 4, 0/35 HPs)
             Began as a Merfolk Gladiator on June 15, 2020.
             Slain by Crazy Yiuf
             ... wielding a +2 quarterstaff of chaos
              (1 damage)
             ... on level 2 of the Dungeon.
             The game lasted 00:05:42 (1393 turns).

Helmschank the Poker (Merfolk Gladiator)            Turns: 1393, Time: 00:05:42

Health: 0/35       AC:  6    Str: 15    XL:     4   Next: 14%
Magic:  4/4        EV: 12    Int:  7    God:
Gold:   144        SH:  0    Dex: 15    Spells: 3/3 levels left

rFire    . . .     SeeInvis .   a - +0 trident
rCold    . . .     Gourm    .   (no shield)
rNeg     . . .     Faith    .   g - +0 ring mail
rPois    .         Spirit   .   c - +0 helmet
rElec    .         Reflect  .   (no cloak)
rCorr    .         Harm     .   (no gloves)
MR       .....                  (no boots)
Stlth    +.........             (no amulet)
HPRegen  0.11/turn              (no ring)
MPRegen  0.09/turn              (no ring)

@: lightly drained
A: change form in water, swift swim, stealthy swim
a: no special abilities


You were on level 2 of the Dungeon.
You were hungry.

You visited 1 branch of the dungeon, and saw 2 of its levels.

You collected 144 gold pieces.

Inventory:

Hand Weapons
 a - a +0 trident (weapon)
Missiles
 M - 2 boomerangs (quivered)
 O - 63 stones
 V - 3 throwing nets
Armour
 c - a +0 helmet (worn)
 g - a +0 ring mail (worn)
Scrolls
 d - a scroll of amnesia {unknown}
 e - 2 scrolls of remove curse {unknown}
 h - a scroll of teleportation {unknown}
 i - a scroll of fog {unknown}
 l - a scroll of identify {unknown}
 m - a scroll of blinking {unknown}
Potions
 b - a potion of ambrosia {unknown}
 j - a potion of curing {unknown}
 k - a potion of magic {unknown}
Comestibles
 f - 3 rations


   Skills:
 - Level 3.0(2.7) Fighting
 - Level 6.0(5.6) Polearms
 - Level 2.0(1.7) Throwing
 - Level 1.0(0.7) Armour
 + Level 4.1(3.8) Dodging


You had 3 spell levels left.
You didn't know any spells.
Your spell library was empty.

Dungeon Overview and Level Annotations

Branches:
Dungeon (2/15)

Altars:
Kikubaaqudgha
Sif Muna

Annotations:
D:2 Crazy Yiuf


Message History

You take 9 damage, and have 5/35 hp.
MASSIVE DAMAGE!!
You see here a mace.
Crazy Yiuf screams, "Liver arga Orb Guardian!"
You see here a mace.
Crazy Yiuf cries, "You leg down broken song, no?"
You see here a mace.
You see here a mace.
Crazy Yiuf says, "Hack!"
Crazy Yiuf whimpers, "Cholesterol sallow King!"
Crazy Yiuf screams, "Shadow leg sing!"
Crazy Yiuf grits, "Orb sizzlefizz tired!"
Crazy Yiuf laughs, "Ten wrapper snockshim!"
Crazy Yiuf says, "Trifle Orb Guardian canine!"
Crazy Yiuf twirls on the spot.
Crazy Yiuf says, "Lugonu Xom toodlewoodle!"
You are feeling hungry.
Crazy Yiuf hits you with a +2 quarterstaff of chaos!
* * * LOW HITPOINT WARNING * * *
Crazy Yiuf freezes you.
You die...

#.#...# #.#...# ####.#...#
##########....#...#
##>..........###...#####
#.........)<)..#...#....
....#....#.#..##...####.
#.#...........##...# #.
......#@###.#..#...# #.
#..#...g...#.##...# #.
##...#.#####.##...# #.
♣♣♣♣♣#######.# #.###'#####.
♣♣♣)♣)..#......#####'###_# #...
)#♣))♣)......#####......######...
)')♣♣♣♣......# #..........#<...
)#♣♣ ♣♣..#.## #..........#....
♣♣#### #..........#.##.


You could see Crazy Yiuf.

Vanquished Creatures
  A crimson imp (D:2)
  A dart slug (D:1)
  3 giant cockroaches (D:1)
  3 goblins (D:2)
  7 hobgoblins
  2 jackals (D:1)
  2 bats
  A frilled lizard (D:1)
  5 kobolds
  3 rats
28 creatures vanquished.

Vanquished Creatures (others)
  A human (D:2)
1 creature vanquished.

Grand Total: 29 creatures vanquished

Notes
Turn   | Place    | Note
-------+----------+-------------------------------------------
     0 | D:1      | Helmschank the Merfolk Gladiator began the quest for the
                  | Orb.
     0 | D:1      | Reached XP level 1. HP: 16/16 MP: 1/1
   195 | D:1      | Reached skill level 5 in Polearms
   199 | D:1      | Reached XP level 2. HP: 16/22 MP: 2/2
   835 | D:2      | Noticed a crimson imp
   836 | D:2      | Reached skill level 6 in Polearms
   836 | D:2      | Reached XP level 3. HP: 27/27 MP: 3/3
   848 | D:2      | Reached XP level 4. HP: 31/35 MP: 4/4
   939 | D:2      | Reached skill level 1 in Armour
  1069 | D:2      | Found an ancient bone altar of Kikubaaqudgha.
  1070 | D:2      | Noticed a human
  1072 | D:2      | Killed a human
  1315 | D:2      | Found a shimmering blue altar of Sif Muna.
  1350 | D:2      | Found a runed translucent door.
  1351 | D:2      | Noticed Crazy Yiuf
  1393 | D:2      | HP: 1/35 [Crazy Yiuf/+2 quarterstaff of chaos (8)]
  1393 | D:2      | Slain by Crazy Yiuf

Illustrated notes

Levels and vault maps discovered:
D:1:      giann_forest_graveyard, layout_loops_ring
D:2:      layout_basic, lemuel_blue_sif_altar, first_ration, tgw_kikubaaqudgha,
          uniq_crazy_yiuf_cottage

Skill      XL: |  1  2  3  4 |
---------------+-------------+-----
Polearms       | 5 6 |  6.0
Fighting       | 3 |  3.0
Armour         | 1 |  1.0
Throwing       | |  2.0
Dodging        | |  4.1

Action                   |  1- 3 |  4- 6 || total
-------------------------+-------+-------++-------
Melee: Trident           |    56 |    14 ||    70
Throw: Stone             |    29 |     3 ||    32
       Throwing net      |     2 |       ||     2
       Boomerang         |       |     9 ||     9
 Stab: Held in net/web   |     1 |       ||     1
  Eat: Chunk             |       |     1 ||     1
Armor: Ring mail         |    13 |     1 ||    14
Dodge: Dodged            |    24 |     5 ||    29
